 Dungeon Crawl Stone Soup version 0.27-a0-1502-g47ed6a6988 (webtiles) character file.

Game seed: 13035316806259653004

322 wakim the Chiller (level 6, 0/32 HPs)
             Began as a Deep Elf Ice Elementalist on July 8, 2021.
             Slain by a bullfrog skeleton (5 damage)
             ... on level 4 of the Dungeon.
             The game lasted 00:08:58 (4227 turns).

wakim the Chiller (Deep Elf Ice Elementalist)       Turns: 4227, Time: 00:08:58

Health: 0/32       AC:  9    Str:  5    XL:     6   Next: 22%
Magic:  4/12       EV: 13    Int: 22    God:
Gold:   141        SH:  5    Dex: 15    Spells: 4/11 levels left

rFire    . . .     SeeInvis .   b - +2 dagger (holy)
rCold    . . .     Faith    .   d - +0 buckler
rNeg     . . .     Spirit   .   e - +0 robe
rPois    .         Reflect  .   (no helmet)
rElec    .         Harm     .   (no cloak)
rCorr    .         Rampage  .   (no gloves)
Will     .....                  (no boots)
Stlth    ++........             (no amulet)
HPRegen  0.10/turn              (no ring)
MPRegen  0.13/turn              (no ring)

@: ice-armoured, freezing walls
A: no striking features
a: no special abilities


You were on level 4 of the Dungeon.
You visited 1 branch of the dungeon, and saw 4 of its levels.

You collected 141 gold pieces.

Inventory:

Hand Weapons
 a - a +3 spear
 b - a +2 dagger of holy wrath (weapon)
Armour
 d - a +0 buckler (worn)
 e - a +0 robe (worn)
Scrolls
 r - 2 scrolls of identify
 T - a scroll of teleportation
Potions
 c - a potion of berserk rage {unknown}
 f - a potion of heal wounds {unknown}
 g - a potion of ambrosia {unknown}
 h - a potion of lignification {unknown}
 F - a potion of curing


   Skills:
 + Level 3.6 Dodging
 - Level 2.8 Stealth
 * Level 3.0 Shields
 - Level 3.0 Spellcasting
 * Level 6.4 Ice Magic


You had 4 spell levels left.
You knew the following spells:

 Your Spells              Type           Power      Damage    Failure   Level
a - Freeze                Ice            100%       1d11      1%          1
b - Frozen Ramparts       Ice            62%        1d8       3%          3
c - Ozocubu's Armour      Ice            31%        N/A       3%          3

Your spell library contained the following spells:

 Spells                   Type           Power      Damage    Failure   Level
 Hailstorm                Conj/Ice       17%        3d6       36%         4
 Metabolic Englaciation   Hex/Ice        8%         N/A       71%         5
 Simulacrum               Ice/Necr       8%         N/A       99%         6


Dungeon Overview and Level Annotations

Branches:
Dungeon (4/15)
 Temple: D:4-7

Altars:

Shops:
D:1 [


Message History

The wall freezes the ogre.
You hit the ogre.
The ogre is heavily wounded.
The wall freezes the ogre.
The ogre hits you with a +0 giant club!!
Ouch! That really hurt!
* * * LOW HITPOINT WARNING * * *
Casting: Frozen Ramparts (dangerous; 3% risk of failure)
Confirm with . or Enter, or press ? or * to list all spells.
Aiming: Freeze (safe; 1% risk of failure)
Press: ? - help, Shift-Dir - straight line, f/p - ogre
Aim: an ogre, wielding a +0 giant club (severely wounded)
You freeze the ogre!
You kill the ogre!
The bullfrog skeleton completely resists.
The wall freezes the bullfrog skeleton but does no damage.
Your Shields skill increases to level 3!
You have reached level 6!
Your experience leads to an increase in your attributes!
Increase (S)trength, (I)ntelligence, or (D)exterity?
You feel clever.
Your icy armour and frozen ramparts will break if you move.
Continue?
Okay, then.
Unknown command.
Your +2 dagger of holy wrath softly glows with a divine radiance!
b - a +2 dagger of holy wrath (weapon)
The bullfrog skeleton completely resists.
The wall freezes the bullfrog skeleton but does no damage.
You hit the bullfrog skeleton.
The bullfrog skeleton convulses.
The bullfrog skeleton is moderately damaged.
The wall freezes the bullfrog skeleton but does no damage.
The bullfrog skeleton closely misses you.
You hit the bullfrog skeleton but do no damage.
The bullfrog skeleton is moderately damaged.
The bullfrog skeleton resists.
The wall freezes the bullfrog skeleton.
The bullfrog skeleton closely misses you.
The bullfrog skeleton completely resists.
The wall freezes the bullfrog skeleton but does no damage.
The bullfrog skeleton hits you.
You die...

#### ...# ...# .
...############### ...
..<.†............##.....
...#############@Z......
#..# #.##..... ##.# ..#
.... #.# ..## .. #.# #.#
#.# .( #.. ... ..#


You could see a bullfrog skeleton.

Vanquished Creatures
  An ogre (D:4)
  A jelly (D:4)
  Jessica (D:2)
  3 adders
  6 gnolls (D:3)
  2 worms
  5 dart slugs
  7 ball pythons
  6 endoplasms
  4 giant cockroaches (D:1)
  7 goblins
  9 hobgoblins
  2 jackals (D:1)
  7 quokkas
  6 bats
  A frilled lizard (D:3)
  7 kobolds
  7 rats
82 creatures vanquished.

Notes
Turn   | Place    | Note
-------+----------+-------------------------------------------
     0 | D:1      | wakim the Deep Elf Ice Elementalist began the quest for the
                  | Orb.
     0 | D:1      | Reached XP level 1. HP: 10/10 MP: 6/6
   386 | D:1      | Reached XP level 2. HP: 15/15 MP: 2/8
  1414 | D:1      | Found a faded altar of an unknown god.
  1610 | D:1      | Reached skill level 5 in Ice Magic
  1610 | D:1      | Reached XP level 3. HP: 19/19 MP: 7/9
  1614 | D:1      | Learned a level 3 spell: Frozen Ramparts
  1638 | D:1      | Reached skill level 1 in Shields
  1925 | D:1      | Found Noyxzaim's Armour Boutique.
  2511 | D:2      | Learned a level 3 spell: Ozocubu's Armour
  2648 | D:2      | Reached XP level 4. HP: 19/24 MP: 7/10
  2660 | D:2      | Noticed Jessica
  2896 | D:2      | Killed Jessica
  3353 | D:3      | Reached XP level 5. HP: 28/28 MP: 11/11
  3651 | D:3      | Reached skill level 6 in Ice Magic
  4216 | D:4      | Noticed an ogre
  4224 | D:4      | Killed an ogre
  4225 | D:4      | Reached XP level 6. HP: 5/32 MP: 4/12
  4227 | D:4      | Slain by a bullfrog skeleton

Illustrated notes

Levels and vault maps discovered:
D:1:      nicolae_arrival_memento_mori, layout_basic, serial_shops,
          nicolae_lakefront_shop, ebering_ecumenical_altar_ruins,
          minmay_pentomino_v4
D:2:      layout_loops_cross, chequers_mini_garden, kennysheep_cluttered_room,
          minmay_misc_feat_secret_circle, uniq_jessica
D:3:      layout_loops_cross
D:4:      layout_rooms

Skill      XL: |  1  2  3  4  5 |
---------------+----------------+-----
Ice Magic      | 5 6 |  6.4
Shields        | 1 2 3 |  3.0
Dodging        | 3 |  3.6
Stealth        | |  2.8
Spellcasting   | |  3.0

Action                   |  1- 3 |  4- 6 || total
-------------------------+-------+-------++-------
Melee: Short sword       |    14 |     7 ||    21
       Spear             |       |    49 ||    49
       Dagger            |       |     2 ||     2
 Cast: Freeze            |    54 |     1 ||    55
       Frozen Ramparts   |     4 |    14 ||    18
       Ozocubu's Armour  |       |     3 ||     3
  Use: Scroll            |     3 |     3 ||     6
 Stab: Sleeping          |     5 |       ||     5
Armor: Robe              |     6 |     4 ||    10
Dodge: Dodged            |    16 |    17 ||    33
Block: Buckler           |     5 |     6 ||    11

Table legend: (Time is in decaauts)
 A = Elapsed time spent in this place.
 B = Non-inter-level travel time spent in this place.
 C = Inter-level travel time spent in this place.
 D = Time resting spent in this place.
 E = Time spent auto-exploring this place.
 F = Levels seen in this place.
 G = Mean time per level.
                   A        B        C        D        E       F      G
               +--------+--------+--------+--------+--------+-----+--------+
         Total |   4234 |   4096 |    138 |      3 |   3517 |   4 | 1058.5 |
       Dungeon |   4234 |   4096 |    138 |      3 |   3517 |   4 | 1058.5 |
               +--------+--------+--------+--------+--------+-----+--------+

Top non-repeatable levels by time:
     D:1: 2319 daAuts
     D:2: 936 daAuts
     D:3: 887 daAuts
     D:4: 91 daAuts
